 Dungeon Crawl Stone Soup version 0.30.0-5-g1a98f26d00 (webtiles) character file.

Game seed: 18194790081221053597

69234 Orangeyouglad the Frost Mage (level 15, -2/108 HPs)
             Began as a Human Ice Elementalist on May 6, 2023.
             Was the Champion of Zin.
             Killed by the raging water
             ... invoked by a water nymph
              (11 damage)
             ... on level 1 of the Shoals on May 9, 2023.
             The game lasted 02:39:58 (38500 turns).

Orangeyouglad the Frost Mage (HuIE)                Turns: 38500, Time: 02:39:59

Health: -2/108     AC: 24    Str: 18    XL:     15   Next: 73%
Magic:  6/22       EV: 19    Int: 25    God:    Zin [******]
Gold:   897        SH: 13    Dex: 23    Spells: 3/24 levels left

rFire   . . .        D - staff of cold
rCold   + . .        M - +0 kite shield
rNeg    . . .        y - +2 robe {Will+}
rPois   ∞            h - +2 helmet
rElec   .            a - +0 cloak
rCorr   .            L - +2 pair of gloves
SInv    .            E - +1 pair of boots
Will    ++...        C - amulet of the acrobat
Stlth   ++           e - +6 ring of strength
HPRegen 0.38/turn    Q - +6 ring of dexterity
MPRegen 0.18/turn

%: acrobat
@: ice-armoured, vitalised, on recite cooldown, freezing walls, studying 2
skills, very slow
A: no striking features
a: Renounce Religion, Recite, Vitalisation, Imprison, Sanctuary, Donate Gold


You were on level 1 of the Shoals.
You worshipped Zin.
Zin was exalted by your worship.
You visited 5 branches of the dungeon, and saw 23 of its levels.
You visited 1 bazaar.
You also visited: Sewer.

You collected 2437 gold pieces.
You spent 1174 gold pieces at shops.
You donated 366 gold pieces to Zin.

Inventory:

Hand Weapons
 b - the +6 hand axe "Izoehod" {heavy, Int+2 Dex+4}
   (You found it on level 3 of the Dungeon)

   Int:       It affects your intelligence (+2).
   Dex:       It affects your dexterity (+4).
 Y - the +8 whip "Q" {flame, rC- rN+++ rCorr}
   (You found it on level 5 of the Lair of Beasts)

   rC:        It makes you vulnerable to cold.
   rN:        It renders you almost immune to negative energy.
   rCorr:     It protects you from acid and corrosion.
 Z - the +6 shillelagh "Devastator" {shatter}
   (You found it on level 9 of the Dungeon)
Missiles
 i - 14 javelins
 r - 2 silver boomerangs
 H - 60 poisoned darts
 O - 7 boomerangs (quivered)
Armour
 a - a +0 cloak (worn)
 h - a +2 helmet (worn)
 t - a +0 pair of gloves of dexterity
 y - a +2 robe of willpower (worn)
 E - a +1 pair of boots (worn)
 L - a +2 pair of gloves (worn)
 M - a +0 kite shield (worn)
Magical Staves
 c - a staff of fire
 D - a staff of cold (weapon)
Jewellery
 e - a +6 ring of strength (left hand)
 j - a ring of see invisible
 C - an amulet of the acrobat (around neck)
 Q - a +6 ring of dexterity (right hand)
 T - a ring of protection from fire
Wands
 J - a wand of paralysis (14)
 N - a wand of digging (4)
 V - a wand of flame (7)
Scrolls
 d - 5 scrolls of fear
 l - 12 scrolls of teleportation
 n - a scroll of amnesia
 o - 10 scrolls of fog
 q - a scroll of magic mapping
 s - a scroll of vulnerability
 u - a scroll of silence
 v - a scroll of butterflies
 z - 3 scrolls of blinking
 F - 2 scrolls of poison
 K - 8 scrolls of immolation
Potions
 f - 2 potions of attraction
 g - 4 potions of resistance
 k - 6 potions of curing
 m - a potion of heal wounds
 p - 2 potions of magic
 w - a potion of might
 x - 2 potions of cancellation
 A - 2 potions of invisibility
 B - 3 potions of flight
 I - 2 potions of brilliance
 R - 2 potions of haste


   Skills:
 - Level 7.0 Fighting
 + Level 6.1 Maces & Flails
 + Level 5.1 Throwing
 - Level 5.0 Armour
 - Level 10.2 Dodging
 - Level 6.1 Stealth
 - Level 10.0 Shields
 - Level 5.0 Spellcasting
 - Level 8.1 Conjurations
 - Level 6.4 Hexes
 + Level 5.7 Summonings
 - Level 5.3 Translocations
 - Level 11.0 Ice Magic
 + Level 0.2 Air Magic
 + Level 9.7 Invocations
 - Level 4.0 Evocations


You had 3 spell levels left.
You knew the following spells:

 Your Spells              Type           Power      Damage    Failure   Level
a - Freeze                Ice            100%       1d10      1%          1
b - Frozen Ramparts       Ice            100%       1d16      1%          3
c - Ozocubu's Armour      Ice            75%        N/A       1%          3
d - Dazzling Flash        Conj/Hex       84%        N/A       2%          3
e - Iskenderun's Mystic   Conj/Tloc      39%        2d9       11%         4
f - Summon Ice Beast      Ice/Summ       64%        N/A       5%          4
g - Swiftness             Air            7%         N/A       41%         3

Your spell library contained the following spells:

 Spells                   Type           Power      Damage    Failure   Level
 Slow                     Hex            100%       N/A       1%          1
 Kiss of Death            Conj/Necr      100%       2d13      3%          1
 Shock                    Conj/Air       100%       1d9       3%          1
 Confusing Touch          Hex            38%        N/A       3%          3
 Gell's Gravitas          Tloc           33%        N/A       5%          3
 Teleport Other           Tloc           33%        N/A       5%          3
 Inner Flame              Hex/Fire       22%        N/A       13%         3
 Mephitic Cloud           Conj/Pois/Air  20%        N/A       16%         3
 Vhi's Electric Charge    Tloc/Air       40%        N/A       16%         3
 Volatile Blastmotes      Fire/Tloc      38%        2d13      16%         3
 Poisonous Vapours        Pois/Air       12%        N/A       24%         2
 Sublimation of Blood     Necr           6%         N/A       24%         2
 Vampiric Draining        Necr           6%         2d6       43%         3
 Cause Fear               Hex            19%        N/A       12%         4
 Passage of Golubria      Tloc           33%        N/A       19%         4
 Flame Wave               Conj/Fire      26%        2d8       30%         4
 Sticky Flame             Conj/Fire      26%        2d5       30%         4
 Freezing Cloud           Conj/Ice/Air   27%        6-21      32%         5
 Summon Mana Viper        Hex/Summ       36%        N/A       36%         5
 Anguish                  Hex/Necr       11%        N/A       41%         4
 Animate Armour           Summ/Erth      40%        N/A       45%         4
 Arcjolt                  Conj/Air       13%        1d23      63%         5
 Irradiate                Conj/Tmut      13%        3d16      65%         5
 Silence                  Hex/Air        11%        N/A       75%         5
 Airstrike                Air            3%         2d(1-17)  83%         4
 Ozocubu's Refrigeration  Ice            37%        4d15      83%         7
 Dispel Undead            Necr           6%         3d8       85%         4
 Petrify                  Tmut/Erth      6%         N/A       85%         4
 Dispersal                Tloc           16%        N/A       95%         6
 Blade Hands              Tmut           3%         N/A       99%         5
 Iron Shot                Conj/Erth      13%        9d3       99%         6
 Starburst                Conj/Fire      13%        6d5       99%         6
 Plasma Beam              Fire/Air       3%         2x1d14    100%        6
 Enfeeble                 Hex            19%        N/A       100%        7
 Monstrous Menagerie      Summ           17%        N/A       100%        7
 Borgnjor's Revivificati  Necr           3%         N/A       100%        8
 Lehudib's Crystal Spear  Conj/Erth      13%        10d4      100%        8
 Maxwell's Capacitive Co  Air            3%         ∞         100%        8
 Necromutation            Tmut/Necr      3%         N/A       100%        8
 Death's Door             Necr           3%         N/A       100%        9


Dungeon Overview and Level Annotations

Branches:
Dungeon (14/15)            Temple (1/1) D:7            Lair (5/5) D:8
 Shoals (1/4) Lair:3       Spider (0/4) Lair:2        Slime (0/5) Lair:5
    Orc (2/2) D:12            Elf (0/3) Orc:2        Vaults (0/5) D:13
  Sewer (visited)

Altars:
Ashenzari
Cheibriados
Dithmenos
Elyvilon
Fedhas
Gozag
Hepliaklqana
Kikubaaqudgha
Makhleb
Nemelex Xobeh
Okawaru
Qazlal
Ru
Sif Muna
Trog
Uskayaw
Vehumet
Wu Jian
Xom
Yredelemnul
Zin
The Shining One

Shops:
D:1 [*(!   D:3 :***:   D:12 [[?*(   Orc:1 !   Orc:2 :!*?((*:!

Annotations:
D:11 Jorgrun
D:14 Roxanne; Rupert


Message History

Your ice beast freezes the manticore!
You hit the manticore. You freeze the manticore!
The manticore is heavily wounded.
The merfolk siren chants its luring song.
The manticore closely misses you. The manticore claws you!
The manticore misses you.
Your ice beast closely misses the manticore.
A water nymph comes into view.
The merfolk siren chants its luring song.
You hit the manticore. You freeze the manticore.
The manticore is severely wounded.
The manticore bites you!
The manticore claws you but does no damage. x2
A faun comes into view. It is wielding a +0 club.
Your ice beast hits the manticore.
Your ice beast freezes the manticore!!
The manticore dies!
The water nymph gestures at you while chanting.
The water swirls and strikes you!!
Okay, then.
Zin grants you divine stamina. You block the merfolk siren's attack.
The merfolk siren chants its luring song.
Your ice beast barely misses the merfolk siren.
The water nymph casts a spell at you. The water swirls and strikes you!!
* * * LOW HITPOINT WARNING * * *
The faun gestures at you while chanting.
You resist with almost no effort.
Okay, then.
As you read the scroll of fear, it crumbles to dust.
You assume a fearsome visage.
The faun looks frightened!
The merfolk siren resists with some effort.
The water nymph resists with almost no effort.
The merfolk siren looks frightened!
The merfolk siren stops singing.
You are no longer entranced.
The merfolk siren closely misses you.
Your ice beast barely misses the merfolk siren.
The water nymph points at you and mumbles some strange words.
The water swirls and strikes you!
You die...

≈≈≈≈≈≈≈≈≈≈≈≈≈≈≈
≈≈≈≈≈≈≈≈≈≈≈≈≈≈≈≈≈≈
≈≈≈≈≈≈≈≈≈≈≈≈≈≈≈≈≈≈
≈≈≈≈≈≈≈≈≈≈≈≈≈≈≈≈≈≈
≈≈~≈≈~~~~~~~≈≈≈≈≈≈
~~~~~~~~~~~~~≈≈≈≈≈
~~~~~~~~~~~~~≈≈≈~~
~~~~~≈~~..~~~~~~~~
~~~~~m~@.†~~~~~~~~
~~~~~~Y~#.~~~~~~~.
c~~~≈≈~<..~~~~~~~.
≈~~m≈≈≈≈.~~≈≈~~~~~
≈≈≈≈≈≈≈≈~~≈≈≈~~.~~
≈≈≈≈≈≈≈≈~~≈≈≈≈≈~~~
≈≈≈≈~~~~~~~~~≈~~≈≈
~≈≈≈≈≈~~~~~~m~..~~
~~~≈≈≈≈~~~.......~


You could see a faun (fleeing), 2 merfolk sirens, a water nymph and a friendly
ice beast (summoned).

Vanquished Creatures
  Kirke (D:11)
  A dire elephant (Lair:5)
  The ghost of Loywebes the Blocker, a journeyman MiFi of Makhleb (Lair:3)
  The ghost of Kuidesed the Thaumaturge, a journeyman DrCj of Vehumet (Lair:1)
  4 hydras
  2 boulder beetles
  3 centaur warriors
  2 dancing weapons (D:13)
  A death yak (Lair:5)
  6 two-headed ogres
  Urug (D:13)
  4 orc high priests (Orc:2)
  2 spectral death yaks (Lair:5)
  A spectral anaconda (Lair:5)
  Pikel (D:6)
  An obsidian statue (Lair:5)
  3 necromancers (Lair:5)
  A lindwurm (Lair:2)
  4 deep elf pyromancers
  4 cyclopes
  An orc sorcerer (Orc:2)
  2 manticores
  A moth of wrath (Lair:3)
  Joseph (Lair:1)
  A merfolk siren (Lair:3)
  8 elephants
  6 black mambas
  9 cane toads
  An unseen horror (D:11)
  3 kobold demonologists (D:12)
  A freezing wraith (D:14)
  6 komodo dragons
  A wind drake (Shoals:1)
  9 trolls
  A polar bear (Lair:5)
  14 blink frogs
  10 dream sheep
  A hornet (D:8)
  5 slime creatures (D:11)
  A spectral elephant (Lair:5)
  A jumping spider (Lair:2)
  A shadow (D:10)
  A water elemental (D:12)
  4 wyverns
  A dire elephant simulacrum (Lair:5)
  3 hogs (D:11)
  44 yaks
  Eustachio (D:6)
  2 redbacks
  2 death yak simulacra (Lair:5)
  4 steam dragons
  3 basilisks
  5 vampire mosquitoes
  2 spectral cane toads (Lair:5)
  An acid dragon (D:9)
  A warg (Orc:2)
  11 water moccasins
  19 orc warriors
  2 ice beasts
  A sky beast (D:7)
  2 black bears (D:6)
  4 centaurs (D:9)
  8 wolves
  11 ogres
  A phantom (D:6)
  3 elephant skeletons (Lair:5)
  2 lemures (D:6)
  7 kobold brigands
  15 bullfrogs
  6 gnoll sergeants
  3 scorpions
  2 cane toad simulacra (Lair:5)
  7 wights
  An elephant simulacrum (Lair:5)
  26 killer bees
  5 howler monkeys
  5 electric eels
  3 hounds
  3 jellies
  18 orc priests
  3 gnoll boudas
  4 iguanas
  23 orc wizards
  A hell rat (Sewer)
  9 gnolls
  10 adders
  3 river rats
  3 white imps
  2 ufetubi
  A worm (D:5)
  3 dart slugs
  65 orcs
  8 ball pythons
  7 endoplasms
  3 giant cockroaches (D:1)
  9 goblins
  10 hobgoblins
  A jackal (D:1)
  24 kobolds
  4 quokkas
  5 bats
  4 frilled lizards
  15 rats
584 creatures vanquished.

Vanquished Creatures (collateral kills)
  A dire elephant (Lair:5)
  A two-headed ogre (D:9)
  An orc high priest (Orc:2)
  An ugly thing (D:12)
  A cyclops (D:12)
  A manticore (Shoals:1)
  A yak (D:11)
  A wraith (D:13)
  An ogre (D:12)
  2 kobold brigands (D:9)
  An electric eel (D:12)
  2 orc priests
  An orc wizard (Orc:1)
  A gnoll (D:11)
  5 orcs
  3 kobolds (D:9)
24 creatures vanquished.

Vanquished Creatures (others)
  A human (D:12)
  2 orc warriors
  An orc wizard (Orc:2)
  A butterfly (D:8)
5 creatures vanquished.

Grand Total: 613 creatures vanquished

Notes
Turn   | Place    | Note
-------+----------+-------------------------------------------
     0 | D:1      | Orangeyouglad the Human Ice Elementalist began the quest
                  | for the Orb.
     0 | D:1      | Reached XP level 1. HP: 13/13 MP: 3/3
   186 | D:1      | Found Qawuz's Assorted Antiques.
   227 | D:1      | Reached XP level 2. HP: 10/19 MP: 0/5
   526 | D:1      | Found Kaulaqaf's Distillery.
   535 | D:1      | Reached XP level 3. HP: 24/24 MP: 3/6
   660 | D:1      | Learned a level 3 spell: Frozen Ramparts
   823 | D:1      | Found Afakhlare's Antique Armour Boutique.
  1097 | D:1      | Found Ylilont's Weapon Shop.
  1475 | D:2      | Reached XP level 4. HP: 30/30 MP: 7/7
  1906 | D:3      | Found Dusch's Book Shoppe.
  1952 | D:3      | Reached skill level 5 in Ice Magic
  1957 | D:3      | Learned a level 3 spell: Ozocubu's Armour
  2140 | D:3      | Found Foviruqo's General Store.
  2199 | D:3      | Bought a scroll of identify for 24 gold pieces
  2274 | D:3      | Reached skill level 1 in Shields
  2274 | D:3      | Reached XP level 5. HP: 35/35 MP: 3/8
  2532 | D:3      | Found Waffiw's Assorted Antiques.
  2547 | D:3      | Found Xidar's Assorted Antiques.
  2687 | D:3      | Identified the +6 hand axe "Izoehod" {heavy, Int+2 Dex+4}
  2920 | D:3      | Found Ifo Eza's Book Boutique.
  2984 | D:4      | Identified the +5 flail "Rumezox" {freeze, Drain rF+ rN+
                  | rCorr}
  3005 | D:4      | Noticed an ice beast
  3407 | D:4      | Reached XP level 6. HP: 28/40 MP: 4/10
  3614 | D:4      | Learned a level 3 spell: Confusing Touch
  3673 | D:5      | Entered Level 5 of the Dungeon
  3675 | D:5      | Noticed a water moccasin
  3689 | D:5      | Killed a water moccasin
  3690 | D:5      | Reached skill level 1 in Hexes
  3690 | D:5      | Reached XP level 7. HP: 40/46 MP: 0/11
  4131 | D:5      | Reached XP level 8. HP: 46/52 MP: 2/12
  4148 | D:5      | Found a glowing drain.
  4155 | Sewer    | Entered a sewer
  5029 | D:4      | Reached skill level 6 in Ice Magic
  5549 | D:6      | Found a broken altar of Ashenzari.
  5549 | D:6      | Noticed Eustachio
  5736 | D:6      | Identified the +5 hand axe "Yfaseorph" {flame, Fly Str+2
                  | Stlth+}
  5845 | D:6      | Noticed Pikel
  6020 | D:6      | Killed Pikel
  6021 | D:6      | Reached skill level 5 in Dodging
  6021 | D:6      | Reached skill level 5 in Stealth
  6021 | D:6      | Reached XP level 9. HP: 50/57 MP: 3/13
  6028 | D:6      | Learned a level 4 spell: Iskenderun's Mystic Blast
  6172 | D:6      | Identified the +1 scale mail of Indemnity {MP+9 Slay+2}
  6368 | D:6      | Found a shimmering altar of Xom.
  6562 | D:7      | Found a blossoming altar of Fedhas.
  6734 | D:7      | Reached skill level 1 in Conjurations
  6734 | D:7      | Reached skill level 7 in Ice Magic
  6986 | D:7      | Found a basalt altar of Yredelemnul.
  7036 | D:7      | Found a glowing golden altar of the Shining One.
  7119 | D:7      | Found a hide-covered altar of Uskayaw.
  7230 | D:7      | Reached skill level 5 in Shields
  7288 | D:7      | Found a staircase to the Ecumenical Temple.
  7316 | Temple   | Entered the Ecumenical Temple
  7512 | Temple   | Became a worshipper of Zin the Law-Giver
  7512 | Temple   | Reached * piety under Zin
  7515 | Temple   | Donated 137 gold pieces to Zin
  7910 | D:8      | Reached ** piety under Zin
  8097 | D:8      | Found a hazy altar of Hepliaklqana.
  8098 | D:8      | Found a shadowy altar of Dithmenos.
  8120 | D:8      | Reached skill level 1 in Invocations
  8249 | D:6      | Killed Eustachio
  8250 | D:6      | Reached XP level 10. HP: 54/63 MP: 8/14
  8486 | D:8      | Found a staircase to the Lair.
  8487 | D:8      | Noticed a komodo dragon
  8551 | D:8      | Found a white marble altar of Elyvilon.
  8828 | D:8      | Found a burning altar of Makhleb.
  8830 | D:8      | Noticed a blizzard demon
  8979 | D:8      | Killed a komodo dragon
  9123 | D:8      | Reached skill level 8 in Ice Magic
  9178 | D:8      | Reached *** piety under Zin
  9451 | Lair:1   | Entered Level 1 of the Lair of Beasts
  9519 | Lair:1   | Found a large runed translucent door.
  9520 | Lair:1   | Found a large runed translucent door.
  9522 | Lair:1   | Noticed Kuidesed's ghost (journeyman DrCj)
  9670 | Lair:1   | Reached skill level 1 in Translocations
  9880 | Lair:1   | Noticed a cane toad
  9906 | Lair:1   | Killed a cane toad
  9907 | Lair:1   | Reached XP level 11. HP: 10/68 MP: 1/15
 10652 | D:4      | Reached skill level 5 in Conjurations
 10735 | D:1      | Bought a potion of curing for 33 gold pieces
 10735 | D:1      | Bought a potion of curing for 33 gold pieces
 10735 | D:1      | Bought a potion of heal wounds for 55 gold pieces
 10735 | D:1      | Bought a potion of curing for 33 gold pieces
 10955 | Lair:2   | Noticed a lindwurm
 10967 | Lair:1   | Noticed Joseph
 11338 | Lair:1   | Reached skill level 9 in Ice Magic
 11727 | Lair:1   | Killed Joseph
 12015 | Lair:2   | Found a hole to the Spider Nest.
 12082 | Lair:1   | HP: 2/68 [poisoned by a black mamba]
 12576 | Lair:2   | Killed a lindwurm
 13144 | Lair:2   | Identified the +0 scale mail "Veirchann" {Contam rN+++
                  | Regen+ Str-2}
 13482 | Lair:3   | Reached XP level 12. HP: 25/74 MP: 4/16
 13943 | Lair:3   | Reached skill level 1 in Fighting
 14109 | Lair:3   | Found a staircase to the Shoals.
 14210 | Lair:3   | Reached skill level 5 in Translocations
 14368 | Lair:3   | Noticed a five-headed hydra
 14626 | Lair:3   | Identified the +2 ring mail "Plog" {rCorr Slay+3}
 14743 | Lair:3   | Reached **** piety under Zin
 14765 | Lair:3   | Found a transporter.
 14768 | Lair:3   | Noticed Loywebes's ghost (journeyman MiFi)
 14919 | Lair:3   | Killed a five-headed hydra
 15047 | Lair:3   | Found a transporter.
 15198 | Lair:4   | Reached skill level 10 in Ice Magic
 15201 | Lair:4   | Reached skill level 1 in Armour
 15363 | Lair:4   | Reached skill level 5 in Hexes
 15564 | Lair:4   | Noticed a four-headed hydra
 15573 | Lair:4   | Killed a five-headed hydra
 16242 | Lair:5   | Entered Level 5 of the Lair of Beasts
 16286 | Lair:5   | Reached XP level 13. HP: 73/88 MP: 9/18
 16823 | D:1      | Bought a shiny helmet for 165 gold pieces
 17301 | Lair:5   | Found a staircase to the Slime Pits.
 17384 | Lair:5   | Noticed a seven-headed hydra
 17390 | Lair:5   | Killed an 11-headed hydra
 17485 | Lair:5   | Reached skill level 5 in Fighting
 17606 | Lair:5   | Reached skill level 5 in Spellcasting
 17606 | Lair:5   | Reached skill level 5 in Invocations
 17856 | Lair:5   | Noticed a dire elephant
 18170 | Lair:5   | Noticed a dire elephant
 18190 | Lair:5   | Noticed a dire elephant
 18501 | Lair:5   | Identified the +6 chain mail of Zoniudur {Int+4}
 18576 | Lair:5   | Identified the +8 whip "Q" {flame, rC- rN+++ rCorr}
 18633 | Lair:5   | Noticed a five-headed hydra
 18665 | Lair:5   | Killed a five-headed hydra
 19035 | Lair:5   | Reached skill level 1 in Throwing
 19035 | Lair:5   | Reached skill level 5 in Armour
 19037 | Lair:5   | Reached skill level 10 in Dodging
 19477 | Lair:5   | HP: 1/92 [dire elephant (24)]
 20188 | Lair:5   | Reached XP level 14. HP: 66/95 MP: 11/21
 20414 | Lair:5   | HP: 2/95 [dire elephant (4)]
 20879 | D:1      | Bought a potion of heal wounds for 55 gold pieces
 21058 | D:1      | Upgraded the game from 0.30.0 to 0.30.0-5-g1a98f26d00
 21070 | D:1      | Learned a level 3 spell: Dazzling Flash
 21271 | D:9      | Learned a level 4 spell: Summon Ice Beast
 21275 | D:9      | Found the +6 shillelagh "Devastator" {shatter}
 21393 | D:9      | Reached skill level 1 in Maces & Flails
 21439 | D:9      | Reached skill level 1 in Summonings
 22286 | D:9      | Reached ***** piety under Zin
 22904 | D:9      | Reached skill level 1 in Evocations
 23615 | D:10     | Entered Level 10 of the Dungeon
 23894 | D:10     | Found a sparkling altar of Nemelex Xobeh.
 27053 | D:12     | Noticed Jorgrun
 27416 | D:12     | Noticed Kirke
 28013 | D:11     | Killed Kirke
 28095 | D:12     | Found a staircase to the Orcish Mines.
 29879 | D:12     | Found Omaanam's Weapon Boutique.
 29940 | D:12     | Found Vosaenkal's General Store.
 29948 | D:12     | Bought a potion of heal wounds for 65 gold pieces
 29964 | D:12     | Found Taomynla's Magic Scroll Boutique.
 30023 | D:12     | Bought a scroll of identify for 36 gold pieces
 30023 | D:12     | Bought a scroll of identify for 36 gold pieces
 30292 | D:12     | Reached XP level 15. HP: 55/106 MP: 1/22
 30515 | D:12     | Found Cuduv's Armour Emporium.
 30528 | D:12     | Found Seoxkafa's Antique Armour Emporium.
 30647 | D:12     | Reached skill level 5 in Maces & Flails
 30917 | D:13     | Found a gate to the Vaults.
 31249 | D:13     | Reached skill level 5 in Summonings
 31538 | D:13     | Noticed Urug
 31666 | D:13     | Killed Urug
 32257 | D:14     | Found a glowing silver altar of Zin.
 32361 | D:14     | Identified Roxanne's Directory of the Shapeshifter
 32361 | D:14     | Noticed Roxanne
 32451 | D:14     | Found a radiant altar of Vehumet.
 32497 | D:14     | Found a flickering gateway to a bazaar.
 32505 | Bazaar   | Entered a bazaar
 32532 | Bazaar   | Found Tecrob's Weapon Shoppe.
 32547 | Bazaar   | Found Yshunint's Assorted Antiques.
 32619 | Bazaar   | Found Daewkit's Magic Scroll Emporium.
 32626 | Bazaar   | Bought 2 scrolls of identify for 44 gold pieces
 32781 | Bazaar   | Bought a scroll of blinking for 82 gold pieces
 32914 | Bazaar   | Bought 2 silver boomerangs for 120 gold pieces
 33116 | D:14     | Noticed Rupert
 33450 | Lair:1   | Killed Kuidesed's ghost
 33747 | Lair:3   | Killed Loywebes's ghost
 33753 | Lair:3   | Identified the +0 hat of Crawling {rC++ rCorr}
 34173 | Lair:5   | Reached skill level 10 in Shields
 34709 | Lair:5   | Reached skill level 11 in Ice Magic
 35139 | Orc:1    | Entered Level 1 of the Orcish Mines
 35285 | Orc:1    | Found Veicum's Distillery.
 35286 | Orc:1    | Reached ****** piety under Zin
 35424 | Orc:2    | Entered Level 2 of the Orcish Mines
 35881 | Orc:2    | Found Mearuecu's Distillery.
 36075 | Orc:2    | Found Jewined's Book Shoppe.
 36075 | Orc:2    | Noticed a walking frostbound tome
 36075 | Orc:2    | Noticed a walking earthen tome
 36499 | Orc:2    | Paralysed by an orc sorcerer for 5 turns
 36661 | Orc:2    | Found Seetuopt's Antique Weapon Boutique.
 36663 | Orc:2    | Found Offitul's Magic Scroll Shop.
 36669 | Orc:2    | Found Gasos's General Store.
 36671 | Orc:2    | Found Hikkaqya's Weapon Boutique.
 36876 | Orc:2    | Reached skill level 5 in Throwing
 37155 | Orc:2    | Found Ojamicsuuj's Distillery.
 37397 | Orc:2    | Found a staircase to the Elven Halls.
 37425 | Orc:2    | Found Zam Oxt's Book Boutique.
 37720 | Orc:2    | Found Monaiwotash's Assorted Antiques.
 37914 | Orc:2    | Bought a book of Air for 264 gold pieces
 38009 | Orc:2    | Bought a potion of heal wounds for 85 gold pieces
 38054 | Orc:2    | Bought a scroll of amnesia for 44 gold pieces
 38155 | Orc:2    | Learned a level 3 spell: Swiftness
 38478 | Shoals:1 | Entered Level 1 of the Shoals
 38500 | Shoals:1 | Killed from afar by a water nymph

Illustrated notes

Levels and vault maps discovered:
D:1:      dpeg_cavernosity, layout_basic, serial_shops,
          nicolae_shop_back_alley_shop, nicolae_shop_statue_plus,
          nicolae_shop_hallway_plus, shop
D:2:      layout_loops_ring
D:3:      layout_basic, serial_shops, nicolae_shop_waterfront, shop_fountains,
          nicolae_shop_real_fake_doors, shop, nicolae_shop_trees,
          minmay_misc_feat_four_crosses
D:4:      layout_basic
D:5:      layout_cave_pools, lightli_sewer_entry_pipes
D:6:      layout_basic, kennysheep_mini, lemuel_tele_altar, uniq_pikel,
          uniq_eustachio
D:7:      nicolae_cairo_tiling, layout_loops_cross,
          nicolae_overflow_crystal_walls, fedhas_altar_1,
          yredelemnul_altar_generic, mainiacjoe_overflow_alcove_4
D:8:      layout_loops_cross, riverfiend_overflow_shadow_ancestor,
          nicolae_elyvilon_peaceful_grove, makhleb_altar_promises_db,
          david_lair_shrubbed, minmay_fractal_squares_5
D:9:      minmay_imperfect_grid, layout_irregular_city, minivault_16
D:10:     layout_roguey, mainiacjoe_overflow_alcove_1, grunt_ministairs_1
D:11:     layout_grid_maze
D:12:     layout_rooms, kennysheep_orc_monster_closet_entryway, serial_shops,
          nicolae_take_the_stairs, shop, nicolae_shop_bloodbath_and_beyond,
          shop, nicolae_shop_waterfront, kennysheep_minor_cross,
          nicolae_water_bricks, kennysheep_generic_room_16, uniq_kirke,
          uniq_jorgrun
D:13:     layout_cave_pools, erik_vaults_1, uniq_urug
D:14:     layout_loops_corners, serial_shops, bzr_entry_water,
          nicolae_vehumet_radiance, zin_treasury, uniq_rupert, uniq_roxanne
Temple:   bh_familiar_temple
Lair:1:   layout_regular_city, ebering_ghost_disaster_area, minivault_27,
          nicolae_lair_grazing_beasts [nicolae_sub_lair_graze_edge,
          nicolae_sub_lair_graze_edge, nicolae_sub_lair_graze_edge,
          nicolae_sub_lair_graze_edge], uniq_joseph
Lair:2:   layout_cave_shapes, spider_nest_entry_a
Lair:3:   layout_chaotic_city, elwin_shoals_entry_rooms,
          gammafunk_ghost_berserking_beasts
Lair:4:   layout_roguey
Lair:5:   due_jungle_book, layout_concentric_octagons, slime_entry_1
Shoals:1: layout_shoals
Orc:1:    layout_caves, serial_shops, shop
Orc:2:    st_orc_mages, layout_caves, serial_shops, nicolae_shop_rolling_square,
          nicolae_shop_mannequins, shop, nicolae_lakefront_shop,
          nicolae_shop_trees, lightli_orcish_oven

Skill      XL: |  1  2  3  4  5  6  7  8  9 10 11 12 13 14 15 |
---------------+----------------------------------------------+-----
Ice Magic      | 5 6 7 8 9 10 11 | 11.0
Shields        | 1 2 4 5 6 7 8 9 10 | 10.0
Dodging        | 3 4 5 6 7 8 9 10 | 10.2
Stealth        | 3 4 5 6 |  6.1
Spellcasting   | 3 5 |  5.0
Hexes          | 1 2 4 5 6 |  6.4
Conjurations   | 2 4 6 7 8 |  8.1
Invocations    | 1 4 6 8 9 |  9.7
Translocations | 2 4 5 |  5.3
Fighting       | 4 6 7 |  7.0
Armour         | 2 5 |  5.0
Throwing       | 2 5 |  5.1
Maces & Flails | 4 6 |  6.1
Summonings     | 4 5 |  5.7
Evocations     | 3 4 |  4.0
Air Magic      | |  0.2

Action                     |  1- 3 |  4- 6 |  7- 9 | 10-12 | 13-15 || total
---------------------------+-------+-------+-------+-------+-------++-------
  Melee: Flail             |    27 |       |       |       |       ||    27
         Dagger            |    12 |    22 |       |       |       ||    34
         Hand axe          |       |    13 |    84 |   169 |   253 ||   519
         Staff             |       |       |       |       |   399 ||   399
         Shillelagh        |       |       |       |       |    38 ||    38
         Whip              |       |       |       |       |    43 ||    43
         Unarmed           |       |       |       |       |     1 ||     1
  Throw: Dart              |       |       |       |     7 |    54 ||    61
         Javelin           |       |       |       |     4 |    48 ||    52
         Boomerang         |       |       |       |       |    48 ||    48
   Cast: Freeze            |    37 |    50 |    41 |    34 |    63 ||   225
         Frozen Ramparts   |       |     7 |    27 |    55 |   133 ||   222
         Ozocubu's Armour  |       |     1 |    21 |    45 |   125 ||   192
         Iskenderun's Myst |       |       |       |     1 |    12 ||    13
         Confusing Touch   |       |       |       |       |     1 ||     1
         Summon Ice Beast  |       |       |       |       |    43 ||    43
         Dazzling Flash    |       |       |       |       |     7 ||     7
 Invoke: Recite            |       |       |     1 |     2 |    43 ||    46
         Donate Gold       |       |       |     1 |       |       ||     1
         Vitalisation      |       |       |       |     5 |    15 ||    20
         Imprison          |       |       |       |       |     2 ||     2
  Evoke: Wand              |       |       |       |    10 |    32 ||    42
    Use: Scroll            |       |     1 |     3 |     2 |    33 ||    39
         Potion            |       |     1 |     2 |     6 |    11 ||    20
   Stab: Sleeping          |     6 |     2 |     2 |     2 |     4 ||    16
         Distracted        |       |     1 |       |       |     5 ||     6
         Invisible         |       |       |       |       |    13 ||    13
         Paralysed         |       |       |       |       |    20 ||    20
         Confused          |       |       |       |       |     7 ||     7
 Armour: Robe              |    10 |     8 |    45 |    51 |   273 ||   387
         Leather armour    |       |       |     1 |       |       ||     1
         Ring mail         |       |       |       |    26 |   136 ||   162
  Dodge: Dodged            |    51 |    43 |   126 |   240 |   967 ||  1427
  Block: Buckler           |       |    16 |    59 |   113 |   176 ||   364
         Kite shield       |       |       |       |       |   544 ||   544
